 Dungeon Crawl Stone Soup version 0.30-a0-354-g6b83867211 (webtiles) character file.

Game seed: 4287705032107727519

13 Muataran the Sneak (level 2, -4/26 HPs)
             Began as an Armataur Delver on Nov 7, 2022.
             Splashed by a jelly's acid (8 damage)
             ... on level 5 of the Dungeon.
             The game lasted 00:00:40 (104 turns).

Muataran the Sneak (Armataur Delver)                 Turns: 104, Time: 00:00:41

Health: -4/26      AC:  0    Str: 17    XL:     2   Next: 24%
Magic:  2/2        EV:  9    Int: 10    God:
Gold:   17         SH:  0    Dex: 11    Spells: 1/1 levels left

rFire   . . .      SeeInvis .    a - +0 long sword
rCold   . . .      Faith    .    (no shield)
rNeg    . . .      Spirit   .    b - +0 leather armour
rPois   .          Reflect  .    (no helmet)
rElec   .          Harm     .    (no cloak)
rCorr   .          Roll     +    (no gloves)
Will    .....                    (no barding)
Stlth   +++.......               (no amulet)
HPRegen 0.24/turn                (no ring)
MPRegen 0.08/turn                (no ring)

@: corroded
A: large, rugged brown scales 3, deformed body, armoured tail, roll, long
tongue, awkward tongue
a: no special abilities


You were on level 5 of the Dungeon.
You visited 1 branch of the dungeon, and saw 1 of its levels.

You collected 17 gold pieces.

Inventory:

Hand Weapons
 a - a +0 long sword (weapon)
Armour
 b - a +0 leather armour (worn)
Wands
 g - a wand of digging (3)
Scrolls
 c - a scroll of fog
 d - a scroll of magic mapping
 e - a scroll of fear
 h - a scroll of blinking {unknown}
Potions
 f - a potion of haste


   Skills:
 + Level 2.9 Fighting
 + Level 2.0 Long Blades
 + Level 1.6 Dodging
 + Level 5.6 Stealth


You had one spell level left.
You didn't know any spells.
Your spell library contained the following spells:

 Spells                   Type           Power      Damage    Failure   Level
 Gell's Gravitas          Tloc           0%         N/A       80%         3
 Teleport Other           Tloc           0%         N/A       80%         3
 Dispersal                Tloc           0%         N/A       100%        6


Dungeon Overview and Level Annotations

Branches:
Dungeon (5/15)
 Temple: D:4-7

Altars:


Innate Abilities, Weirdness & Mutations

You are completely covered in rugged brown scales. (AC +3, +7% HP)
Armour fits poorly on your strangely shaped body.
You have a long armoured tail.
You roll when moving toward enemies. (Rampage)
Your long tongue fully drains potion bottles. (2x potion effects)
Your tongue gives you trouble enunciating. (1.5x scroll delay)


Message History

You now have 17 gold pieces.
You pick up a There-And-Back Book and begin reading...
You add the spells Gell's Gravitas, Teleport Other and Dispersal to your library.
A gnoll comes into view. It is wielding a +0 spear.
A gnoll is nearby!
A gnoll is nearby!
A gnoll is nearby!
Found a scroll of fear.
The gnoll shouts!
A gnoll comes into view. It is wielding a +0 whip.
The gnoll barely misses you.
You roll towards the gnoll!
You barely miss the gnoll. The gnoll hits you with a +0 spear. x2
You hit the gnoll.
The gnoll is heavily wounded.
The gnoll hits you with a +0 spear.
You hit the gnoll.
The gnoll is severely wounded.
The gnoll hits you with a +0 spear!
* * * LOW HITPOINT WARNING * * *
You hit the gnoll.
You kill the gnoll!
Your Long Blades skill increases to level 2!
You have reached level 2!
You start resting.
A jelly comes into view.
The jelly quivers.
You slash the jelly!
Your hands burn!
The jelly is heavily wounded.
The jelly completely misses you.
You hit the jelly.
Your hands burn!
The jelly is severely wounded.
The jelly hits you but does no damage.
You hit the jelly.
Your hands burn!
* * * LOW HITPOINT WARNING * * *
The jelly is almost dead.
The jelly hits you.
* * * LOW HITPOINT WARNING * * *
The acid corrodes you!
You are splashed with acid!
You die...

.... ..... ....? ......
#####...... #####
#########.......... ##...##
#...).............. ##.....##
#.#####...###...... #.......#
#.@####.#.......... #.......#
##.J.##.#...#.....g
#..)....########...........
...
##........(.......#........
..
#.......###............##...
.
#.........................##
###......................####
.>.......####........##......
........## ###.......##.#####


You could see a jelly.

Vanquished Creatures
  A gnoll (D:5)
  A dart slug (D:5)
2 creatures vanquished.

Notes
Turn   | Place    | Note
-------+----------+-------------------------------------------
     0 | D:5      | Muataran the Armataur Delver began the quest for the Orb.
     0 | D:5      | Reached XP level 1. HP: 19/19 MP: 1/1
    69 | D:5      | Reached XP level 2. HP: 5/26 MP: 2/2
   104 | D:5      | Splashed by a jelly's acid

Illustrated notes

Levels and vault maps discovered:
D:5:      layout_rooms, mainiacjoe_overflow_alcove_2, tgw_trog, uniq_pikel,
          uniq_ijyb, uniq_edmund

Skill      XL: |  1 |
---------------+----+-----
Long Blades    | 2 |  2.0
Fighting       | |  2.9
Dodging        | |  1.6
Stealth        | |  5.6

Action                   || total
-------------------------++-------
Melee: Long sword        ||    11
Armor: Leather armour    ||     3
Dodge: Dodged            ||     2

Table legend: (Time is in decaauts)
 A = Elapsed time spent in this place.
 B = Non-inter-level travel time spent in this place.
 C = Inter-level travel time spent in this place.
 D = Time resting spent in this place.
 E = Time spent auto-exploring this place.
 F = Levels seen in this place.
 G = Mean time per level.
                   A        B        C        D        E       F      G
               +--------+--------+--------+--------+--------+-----+--------+
         Total |    106 |    106 |      0 |     27 |     19 |   1 |  106.0 |
       Dungeon |    106 |    106 |      0 |     27 |     19 |   1 |  106.0 |
               +--------+--------+--------+--------+--------+-----+--------+

Top non-repeatable levels by time:
     D:5: 106 daAuts
